[Event "ICC tourney 2086 (3 2)"]
[Site "Internet Chess Club"]
[Date "2020.10.30"]
[Round "4"]
[White "atjn494"]
[Black "oxdidi"]
[Result "1-0"]
[ICCResult "Black checkmated"]
[WhiteElo "1366"]
[BlackElo "1096"]
[Opening "King's Indian: Torre attack"]
[ECO "A45"]
[NIC "QP.01"]
[Time "20:41:00"]
[TimeControl "180+2"]

1. d4 Nf6 2. Bg5 g6 3. Nf3 Bg7 4. Nc3 d6 5. e3 O-O 6. Be2 Nbd7 7. O-O h6 8.
Bh4 b6 9. Qd2 Bb7 10. Rfe1 Re8 11. Rad1 e6 12. Bd3 e5 13. d5 g5 14. Bg3 e4
15. Nxe4 Nxe4 16. Bxe4 Rxe4 17. Qd3 Re8 18. b3 Qf6 19. c4 Nc5 20. Qc2 Ne4
21. Nd4 Nxg3 22. hxg3 Rac8 23. e4 c6 24. dxc6 Bxc6 25. Nf5 Bxe4 26. Rxe4
Rxe4 27. Qxe4 Qe6 28. Qxe6 fxe6 29. Nxg7 Kxg7 30. Rxd6 Kf7 31. Rd7+ Ke8 32.
Rxa7 Rd8 33. f4 Rd1+ 34. Kf2 Rd2+ 35. Kf3 Rd3+ 36. Kg4 Rd2 37. fxg5 hxg5 38.
Kxg5 Rxg2 39. Kf6 Rxg3 40. Kxe6 Rg6+ 41. Kd5 Rg5+ 42. Kc6 Rg6+ 43. Kb5 Kd8
44. Rb7 Rg5+ 45. Kxb6 Rg6+ 46. Ka7 Rg2 47. Rb4 Rxa2+ 48. Kb6 Rd2 49. c5 Kc8
50. c6 Rc2 51. Ra4 Kd8 52. Ra8+ Ke7 53. c7 Rb2 54. c8=Q Rxb3+ 55. Ka7 Ra3+
56. Qa6 Rxa6+ 57. Kxa6 Kd7 58. Rf8 Kc7 59. Rf6 Kd7 60. Kb5 Ke7 61. Rc6 Kd7
62. Kc5 Ke7 63. Rd6 Kf7 64. Kd5 Kg7 65. Ke5 Kg8 66. Kf6 Kf8 67. Rd8#
{Black checkmated}
1-0

[Event "ICC tourney 2086 (3 2)"]
[Site "Internet Chess Club"]
[Date "2020.10.30"]
[Round "4"]
[White "Jett503"]
[Black "Kinawa"]
[Result "0-1"]
[ICCResult "White forfeits on time"]
[WhiteElo "1219"]
[BlackElo "1454"]
[Opening "Caro-Kann: Panov-Botvinnik, Gunderam attack"]
[ECO "B13"]
[NIC "CK.02"]
[Time "20:40:59"]
[TimeControl "180+2"]

1. e4 c6 2. d4 d5 3. exd5 cxd5 4. c4 Nf6 5. c5 Nc6 6. Nc3 Bf5 7. Bb5 e6 8.
Nf3 a6 9. Ba4 Nd7 10. O-O Be7 11. Bf4 O-O 12. Bb3 Bg4 13. h3 Bxf3 14. Qxf3
Nxd4 15. Qg4 Nf6 16. Qd1 Bxc5 17. Be5 Nxb3 18. axb3 Bd6 19. Bd4 e5 20. Bxe5
Bxe5 21. Na4 Bc7 22. Qf3 Qd6 23. g3 b5 24. Nc3 b4 25. Ne2 Qe5 26. Rfe1 Qe4
{White forfeits on time}
0-1

[Event "ICC tourney 2086 (3 2)"]
[Site "Internet Chess Club"]
[Date "2020.10.30"]
[Round "4"]
[White "garfield92037"]
[Black "Jeffchess"]
[Result "1-0"]
[ICCResult "Black checkmated"]
[WhiteElo "1446"]
[BlackElo "1401"]
[Opening "Caro-Kann defense"]
[ECO "B12"]
[NIC "CK.01"]
[Time "20:41:54"]
[TimeControl "180+2"]

1. e4 c6 2. d4 e5 3. dxe5 Qa5+ 4. Nc3 Qxe5 5. Nf3 Qc7 6. Be3 Bb4 7. Bc4 b5
8. Bb3 h6 9. O-O a5 10. a3 Bxc3 11. bxc3 a4 12. Ba2 c5 13. c4 b4 14. axb4
cxb4 15. c5 Nc6 16. Qd5 Nge7 17. Qxf7+ Kd8 18. Qxg7 Re8 19. Bxh6 b3 20. cxb3
a3 21. b4 Nxb4 22. Bf7 d5 23. Bxe8 Kxe8 24. Ne5 Qxe5 25. Qxe5 dxe4 26. Qxe4
Nc6 27. Rfe1 Bf5 28. Qxc6+ Kf7 29. Qxa8 Be6 30. Rxe6 Kxe6 31. Re1+ Kd7 32.
Qa7+ Kc6 33. Rxe7 a2 34. Rc7+ Kd5 35. Qxa2+ Ke4 36. Qd2 Kf5 37. Re7 Kf6 38.
Qg5# {Black checkmated} 1-0

[Event "ICC tourney 2086 (3 2)"]
[Site "Internet Chess Club"]
[Date "2020.10.30"]
[Round "4"]
[White "Tombstone"]
[Black "PearsonH"]
[Result "1-0"]
[ICCResult "Black forfeits on time"]
[WhiteElo "1674"]
[BlackElo "1446"]
[Opening "Catalan: closed, 5.Nf3"]
[ECO "E06"]
[NIC "CA.05"]
[Time "20:41:03"]
[TimeControl "180+2"]

1. d4 e6 2. c4 d5 3. Nf3 Nf6 4. g3 Be7 5. Bg2 O-O 6. O-O dxc4 7. Qc2 c5 8.
Qxc4 Qd5 9. Qxd5 Nxd5 10. Nc3 Nxc3 11. bxc3 Nc6 12. Bf4 Bd7 13. Rab1 b6 14.
Ne5 Nxe5 15. Bxa8 Rxa8 16. Bxe5 Bc6 17. f3 f6 18. Bf4 Rd8 19. Rfd1 cxd4 20.
cxd4 Kf7 21. Kf2 g5 22. Be3 Bd5 23. a4 Bd6 24. Bd2 Rc8 25. e4 Bb7 26. Rdc1
Rxc1 27. Rxc1 Ke7 28. Rb1 Ba6 29. Bb4 Bxb4 30. Rxb4 Kd6 31. Ke3 Bb7 32. a5
Kc7 33. axb6+ axb6 34. f4 Kc6 35. h4 gxh4 36. gxh4 b5 37. Kd3 Kb6 38. Rb2
Ka5 39. Ra2+ Kb6 40. h5 f5 41. exf5 exf5 42. Re2 Be4+ 43. Kc3 Ka5 44. Ra2+
Kb6 45. Kb4 Kc6 46. Ra6+ Kd5 47. Rh6 {Black forfeits on time} 1-0

[Event "ICC tourney 2086 (3 2)"]
[Site "Internet Chess Club"]
[Date "2020.10.30"]
[Round "4"]
[White "drberkley"]
[Black "msuarez"]
[Result "1-0"]
[ICCResult "Black resigns"]
[WhiteElo "1541"]
[BlackElo "1306"]
[Opening "Scandinavian (center counter) defense"]
[ECO "B01"]
[NIC "SD.02"]
[Time "20:41:02"]
[TimeControl "180+2"]

1. e4 d5 2. exd5 Qxd5 3. Nc3 Qd8 4. d4 Nf6 5. Nf3 e6 6. Bd3 Be7 7. O-O O-O
8. h3 b6 9. Ne4 Bb7 10. Nxf6+ Bxf6 11. c3 Nd7 12. Re1 c5 13. Be3 Bxf3 14.
Qxf3 cxd4 15. cxd4 Rc8 16. Rac1 g6 17. Qb7 Bg7 18. Qxa7 Ra8 19. Qc7 Rxa2 20.
Qxd8 Rxd8 21. Rc2 Nb8 22. Rec1 Na6 23. Bc4 Ra4 24. b3 Ra3 25. Rd1 Nb4 26.
Rcd2 h5 27. Rb2 Raa8 28. Rbd2 Rac8 29. d5 exd5 30. Bxd5 Bc3 31. Bxf7+ Kxf7
32. Rxd8 Rxd8 33. Rxd8 Bf6 34. Rd7+ Ke6 35. Rb7 Nd5 36. Bxb6 Nxb6 37. Rxb6+
Kf5 38. b4 g5 39. b5 g4 40. Rxf6+ Kxf6 41. b6 {Black resigns} 1-0

[Event "ICC tourney 2086 (3 2)"]
[Site "Internet Chess Club"]
[Date "2020.10.30"]
[Round "4"]
[White "MehPlayer"]
[Black "jthebest"]
[Result "1-0"]
[ICCResult "Black forfeits on time"]
[WhiteElo "1570"]
[BlackElo "1186"]
[Opening "Vienna game"]
[ECO "C26"]
[NIC "VG.02"]
[Time "20:41:54"]
[TimeControl "180+2"]

1. e4 e5 2. Bc4 Nf6 3. Nc3 Bc5 4. h3 O-O 5. d3 d6 6. Nge2 h6 7. O-O Nc6 8.
Kh1 Be6 9. Bb3 Qd7 10. Bxe6 fxe6 11. f4 exf4 12. Nxf4 e5 13. Ng6 Rf7 14. Bd2
Kh7 15. Nh4 Nd4 16. Be3 c6 17. Bxd4 exd4 18. Ne2 Raf8 19. Qd2 Nh5 20. Rxf7
Rxf7 21. Nf5 Bb6 22. g4 Nf6 23. Neg3 d5 24. e5 Ne8 25. Re1 Qc7 26. e6 Rf6
27. Nh5 Rg6 28. Qg2 a6 29. e7 Ba5 30. Re2 Bb6 31. c3 dxc3 32. bxc3 Bc5 33.
Qf1 b5 34. Qe1 a5 35. Re6 Rg5 36. Qd2 b4 37. cxb4 Bxb4 38. Qc2 c5 39. d4 Qd7
40. Nd6+ {Black forfeits on time} 1-0

[Event "ICC tourney 2086 (3 2)"]
[Site "Internet Chess Club"]
[Date "2020.10.30"]
[Round "5"]
[White "PearsonH"]
[Black "Ani97829"]
[Result "0-1"]
[ICCResult "White checkmated"]
[WhiteElo "1441"]
[BlackElo "1476"]
[Opening "Queen's pawn, Mason variation"]
[ECO "D00"]
[NIC "QP.08"]
[Time "20:51:59"]
[TimeControl "180+2"]

1. d4 d5 2. Bf4 Nf6 3. e3 Bf5 4. Bd3 Bg6 5. c3 e6 6. Nf3 Nbd7 7. Ne5 Bxd3 8.
Qxd3 Nxe5 9. Bxe5 Bd6 10. Bxd6 Qxd6 11. Nd2 O-O 12. O-O Ng4 13. h3 Qh2#
{White checkmated}
0-1

[Event "ICC tourney 2086 (3 2)"]
[Site "Internet Chess Club"]
[Date "2020.10.30"]
[Round "5"]
[White "jthebest"]
[Black "Priccchess"]
[Result "0-1"]
[ICCResult "White checkmated"]
[WhiteElo "1178"]
[BlackElo "1463"]
[Opening "Philidor's defense"]
[ECO "C41"]
[NIC "KP.10"]
[Time "20:51:41"]
[TimeControl "180+2"]

1. e4 e5 2. Nf3 d6 3. Bc4 Be7 4. Nc3 Nf6 5. d3 O-O 6. O-O Nc6 7. h3 Be6 8.
Be3 h6 9. Qd2 Kh7 10. Bb3 d5 11. Ne2 d4 12. Bxh6 gxh6 13. Ng3 Rg8 14. Nh4
Nxe4 15. Qc1 Bxh4 16. Nxe4 Bxb3 17. axb3 f5 18. Nc5 b6 19. Na4 f4 20. Qe1
Qd5 21. c4 Qxg2# {White checkmated} 0-1

[Event "ICC tourney 2086 (3 2)"]
[Site "Internet Chess Club"]
[Date "2020.10.30"]
[Round "5"]
[White "mangomaster"]
[Black "stephenwilly"]
[Result "0-1"]
[ICCResult "White resigns"]
[WhiteElo "1419"]
[BlackElo "1514"]
[Opening "Queen's pawn"]
[ECO "A40"]
[NIC "EO.50"]
[Time "20:51:41"]
[TimeControl "180+2"]

1. d4 e6 2. Nf3 c5 3. c4 cxd4 4. Nxd4 Nc6 5. e4 Bc5 6. Be3 Bb6 7. Nc3 Nf6 8.
f3 d5 9. cxd5 exd5 10. exd5 Nxd5 11. Bc4 Nxe3 12. Qe2 Nxd4 13. Qxe3+ Be6 14.
Qd3 Qe7 15. Bxe6 Qxe6+ 16. Ne2 Rd8 17. Rd1 O-O 18. Kf1 Nxe2 19. Qxe2 Qxe2+
20. Kxe2 Rfe8+ {White resigns} 0-1

[Event "ICC tourney 2086 (3 2)"]
[Site "Internet Chess Club"]
[Date "2020.10.30"]
[Round "5"]
[White "Purushottam123"]
[Black "yogokings12"]
[Result "1-0"]
[ICCResult "Black resigns"]
[WhiteElo "1418"]
[BlackElo "1566"]
[Opening "Sicilian: dragon variation"]
[ECO "B70"]
[NIC "SI.15"]
[Time "20:51:45"]
[TimeControl "180+2"]

1. e4 c5 2. Nf3 d6 3. d4 cxd4 4. Nxd4 Nf6 5. Nc3 g6 6. Bc4 Bg7 7. O-O O-O 8.
Be3 Ng4 9. Bg5 Qb6 10. Nb3 Nc6 11. Nd5 Qd8 12. h3 Nge5 13. Be2 h6 14. Bh4 g5
15. Bg3 e6 16. Nc3 a5 17. a4 Nb4 18. f4 Nec6 19. fxg5 Qxg5 20. Bxd6 Rd8 21.
Bf4 Qg6 22. Bh5 Rxd1 23. Bxg6 Rxf1+ 24. Rxf1 fxg6 25. Nb5 e5 26. Be3 Nxc2
27. Bc5 N2d4 28. N3xd4 Nxd4 29. Nc7 Rb8 30. Ba7 Bxh3 31. Bxb8 Bg4 32. Nd5
Be2 33. Rf2 Bd3 34. Ne7+ Kh7 35. Rf7 Bxe4 36. Bxe5 Nf5 37. g4 Nh4 38. Rxg7+
{Black resigns}
1-0

[Event "ICC tourney 2086 (3 2)"]
[Site "Internet Chess Club"]
[Date "2020.10.30"]
[Round "5"]
[White "oxdidi"]
[Black "ama2024"]
[Result "0-1"]
[ICCResult "White resigns"]
[WhiteElo "1094"]
[BlackElo "1275"]
[Opening "French: advance, Euwe variation"]
[ECO "C02"]
[NIC "FR.03"]
[Time "20:52:03"]
[TimeControl "180+2"]

1. e4 e6 2. d4 d5 3. e5 c5 4. c3 Nc6 5. Nf3 Bd7 6. Be2 Qb6 7. O-O Nh6 8. Qd2
Nf5 9. h3 cxd4 10. cxd4 Ncxd4 11. Nxd4 Nxd4 12. Rd1 Nxe2+ 13. Qxe2 Bc5 14.
Nc3 O-O 15. Na4 Bxa4 16. Qg4 Bxd1 17. Qxd1 Bxf2+ 18. Kh1 Rac8 19. Qg4 Rc6
20. Bh6 g6 21. Qg5 Qd8 22. Qf4 Bb6 23. Rf1 Rc7 24. Bg5 f6 25. exf6 Qd7 26.
f7+ Qxf7 27. Qe5 Qxf1+ 28. Kh2 Bg1+ 29. Kg3 Qf2+ 30. Kg4 Rc4+ 31. Bf4 Qxf4+
32. Qxf4 Rfxf4+ 33. Kg3 Bf2+ 34. Kh2 d4 35. Kh1 d3 {White resigns} 0-1

[Event "ICC tourney 2086 (3 2)"]
[Site "Internet Chess Club"]
[Date "2020.10.30"]
[Round "5"]
[White "Kinawa"]
[Black "MehPlayer"]
[Result "1-0"]
[ICCResult "Black checkmated"]
[WhiteElo "1467"]
[BlackElo "1533"]
[Opening "Sicilian: accelerated fianchetto, Maróczy bind, 6.Be3"]
[ECO "B38"]
[NIC "SI.33"]
[Time "20:51:52"]
[TimeControl "180+2"]

1. e4 c5 2. Nf3 Nc6 3. d4 cxd4 4. Nxd4 g6 5. Be3 Bg7 6. c4 Nf6 7. Nc3 O-O 8.
Be2 a6 9. O-O Qa5 10. a3 d6 11. b4 Qd8 12. Rc1 Bd7 13. Nd5 Nxd5 14. exd5
Nxd4 15. Bxd4 e5 16. Be3 f5 17. f4 e4 18. c5 dxc5 19. bxc5 Rc8 20. Bc4 Kh8
21. Bb3 Qf6 22. Qd2 Bb5 23. Rfd1 Qb2 24. Qxb2 Bxb2 25. Rc2 Bxa3 26. d6 Bd3
27. Bd4+ Rf6 28. Bxf6# {Black checkmated} 1-0

[Event "ICC tourney 2086 (3 2)"]
[Site "Internet Chess Club"]
[Date "2020.10.30"]
[Round "5"]
[White "msuarez"]
[Black "Jeffchess"]
[Result "1-0"]
[ICCResult "Black checkmated"]
[WhiteElo "1341"]
[BlackElo "1388"]
[Opening "Caro-Kann defense"]
[ECO "B10"]
[NIC "CK.01"]
[Time "20:52:16"]
[TimeControl "180+2"]

1. e4 c6 2. Nf3 e6 3. Be2 Ne7 4. d3 h6 5. Nc3 d5 6. exd5 Nxd5 7. Bd2 Be7 8.
O-O Bf6 9. Rb1 Qa5 10. Ne4 Qxa2 11. Nd6+ Ke7 12. Nxc8+ Rxc8 13. c4 Nc7 14.
Bb4+ Ke8 15. b3 a5 16. Bd2 Nba6 17. Bf4 Nb4 18. Bxc7 Rxc7 19. Re1 Rd7 20.
Bf1 Rad8 21. Re2 Rxd3 22. Qe1 Bc3 23. Rxa2 Bxe1 24. Nxe1 Nxa2 25. Nxd3 Nc3
26. Re1 b5 27. cxb5 cxb5 28. Nc5 b4 29. Nb7 Ra8 30. Nd6+ Ke7 31. Nb5 Rb8 32.
Nxc3 bxc3 33. Rc1 Rxb3 34. Bc4 Ra3 35. g3 a4 36. Bb5 Kd6 37. Kf1 Kc5 38. Ba6
Kb4 39. Ke1 Kb3 40. Kd1 Kb2 41. Rc2+ Kb1 42. Bd3 Ka1 43. Rc1+ Kb2 44. Rb1+
Ka2 45. Kc2 Rb3 46. Bc4 f6 47. Bxb3+ axb3+ 48. Rxb3 e5 49. Rxc3 f5 50. Rc7
g5 51. Ra7# {Black checkmated} 1-0

[Event "ICC tourney 2086 (3 2)"]
[Site "Internet Chess Club"]
[Date "2020.10.30"]
[Round "5"]
[White "lucachesschess"]
[Black "atjn494"]
[Result "1-0"]
[ICCResult "Black resigns"]
[WhiteElo "1412"]
[BlackElo "1323"]
[Opening "Benkö gambit"]
[ECO "A57"]
[NIC "BI.46"]
[Time "20:51:42"]
[TimeControl "180+2"]

1. d4 Nf6 2. c4 c5 3. d5 b5 4. Nc3 g6 5. Nxb5 Bg7 6. Nc3 O-O 7. e4 Qa5 8.
Bd2 d6 9. Bd3 Bg4 10. f3 Bc8 11. Nge2 Nbd7 12. O-O Ne5 13. Be3 Qb6 14. Rb1
Ba6 15. b3 Rfb8 16. Qd2 Qc7 17. Bc2 Rb7 18. h3 Rab8 19. f4 Ned7 20. Rbe1 Qa5
21. Qd3 Qxa2 22. Nxa2 Ne8 23. Nac3 Nc7 24. Bf2 Nb6 25. Ng3 Nd7 26. Qd2 Rb6
27. e5 dxe5 28. fxe5 Nxe5 29. Bxc5 R6b7 30. Bd4 f6 31. Bxe5 fxe5 32. d6 exd6
33. Qxd6 e4 34. Ncxe4 Bf8 35. Qf4 Bg7 36. Nc5 Rb6 37. Qxc7 R6b7 38. Nxb7
Rxb7 39. Qc8+ {Black resigns} 1-0

[Event "ICC tourney 2086 (3 2)"]
[Site "Internet Chess Club"]
[Date "2020.10.30"]
[Round "5"]
[White "ChessItUpIowa"]
[Black "saisiva765"]
[Result "0-1"]
[ICCResult "White forfeits on time"]
[WhiteElo "1704"]
[BlackElo "1772"]
[Opening "Queen's pawn, Mason variation"]
[ECO "D00"]
[NIC "QP.08"]
[Time "20:51:50"]
[TimeControl "180+2"]

1. d4 d5 2. Bf4 Bf5 3. Nf3 Nf6 4. h3 e6 5. e3 Nbd7 6. Nh4 Bg6 7. Nxg6 hxg6
8. Bd3 c5 9. c3 c4 10. Bc2 Qb6 11. b3 Rc8 12. O-O Bd6 13. bxc4 Bxf4 14. exf4
Qb2 15. Nd2 Qxc3 16. Ba4 Qxd4 17. cxd5 Qxd5 18. Bb3 Qf5 19. Qf3 O-O 20. Qxb7
Qxf4 21. Nf3 a5 22. Rae1 a4 23. Bd1 Nc5 24. Qb1 Rfd8 25. Ne5 Nce4 26. Nxf7
Kxf7 27. Bxa4 Nd2 28. Qb7+ Rc7 29. Qb6 Qd6 30. Qb2 Nxf1 31. Rxf1 Qd4 32. Qb3
Re7 {White forfeits on time} 0-1

[Event "ICC tourney 2086 (3 2)"]
[Site "Internet Chess Club"]
[Date "2020.10.30"]
[Round "5"]
[White "chessw23"]
[Black "javasri"]
[Result "1-0"]
[ICCResult "Black checkmated"]
[WhiteElo "1666"]
[BlackElo "1678"]
[Opening "French: advance, Paulsen attack"]
[ECO "C02"]
[NIC "FR.03"]
[Time "20:52:29"]
[TimeControl "180+2"]

1. e4 e6 2. d4 d5 3. e5 c5 4. c3 Nc6 5. Nf3 Qb6 6. a3 Bd7 7. b4 cxd4 8. cxd4
f6 9. Bb2 fxe5 10. dxe5 Nge7 11. Bd3 Nf5 12. Bxf5 exf5 13. Qxd5 Bxb4+ 14.
axb4 Nxb4 15. Qd2 Bc6 16. O-O Rd8 17. Qg5 Nd3 18. Ba3 Rd7 19. e6 Rc7 20. Bd6
Bxf3 21. Bxc7 Qxc7 22. gxf3 Ne5 23. Nd2 a6 24. Rac1 Nc6 25. Nc4 O-O 26. Rfe1
Nd4 27. Qg2 Qf4 28. e7 Nxf3+ 29. Kh1 Nxe1 30. exf8=Q+ Kxf8 31. Rxe1 Qxc4 32.
Qxb7 Qc3 33. Qe7+ Kg8 34. Qe8# {Black checkmated} 1-0

[Event "ICC tourney 2086 (3 2)"]
[Site "Internet Chess Club"]
[Date "2020.10.30"]
[Round "5"]
[White "chessrex"]
[Black "Tombstone"]
[Result "1-0"]
[ICCResult "Black checkmated"]
[WhiteElo "1845"]
[BlackElo "1665"]
[Opening "Blackmar gambit"]
[ECO "D00"]
[NIC "QP.08"]
[Time "20:51:40"]
[TimeControl "180+2"]

1. d4 d5 2. e4 dxe4 3. Nc3 Nf6 4. f3 exf3 5. Nxf3 g6 6. Bc4 Bg7 7. O-O O-O
8. h3 e6 9. Qe1 c6 10. Qh4 Nd5 11. Bg5 Qb6 12. Bb3 Nd7 13. Nxd5 cxd5 14. Bh6
Qd8 15. Ng5 Bf6 16. Rxf6 Nxf6 17. Bxf8 Qxf8 18. Rf1 Qg7 19. Nxe6 Bxe6 20.
Qxf6 Qxf6 21. Rxf6 Kg7 22. Rf2 a5 23. a4 Rc8 24. Kf1 Kf8 25. Ke1 Ke7 26. Kd2
Kd6 27. c3 Rc6 28. Bd1 Rb6 29. b3 Rc6 30. Bc2 Ke7 31. Bd3 Rb6 32. Bb5 Kd6
33. c4 dxc4 34. bxc4 Rc6 35. Bxc6 bxc6 36. Kc3 Kc7 37. Rb2 Bd7 38. c5 Be6
39. Rf2 Bd5 40. g3 Kb7 41. g4 h6 42. Re2 Be6 43. Rg2 Bd5 44. Rg3 Kc7 45. Kd2
Kd7 46. Rc3 Kd8 47. Ke3 Kd7 48. Kf4 f6 49. h4 Be6 50. g5 fxg5+ 51. hxg5 h5
52. Ke5 Bf5 53. d5 cxd5 54. c6+ Kc7 55. Kxd5 h4 56. Kc5 h3 57. Re3 h2 58.
Re7+ Kd8 59. Rh7 Bc2 60. Kd6 Bxa4 61. c7+ Kc8 62. Rh8+ Kb7 63. c8=Q+ Ka7 64.
Qc7+ Ka6 65. Ra8+ Kb5 66. Qc5# {Black checkmated} 1-0

[Event "ICC tourney 2086 (3 2)"]
[Site "Internet Chess Club"]
[Date "2020.10.30"]
[Round "5"]
[White "blackjack721"]
[Black "Jett503"]
[Result "0-1"]
[ICCResult "White resigns"]
[WhiteElo "1272"]
[BlackElo "1247"]
[Opening "French: Tarrasch"]
[ECO "C03"]
[NIC "FR.07"]
[Time "20:51:44"]
[TimeControl "180+2"]

1. e4 e6 2. d4 d5 3. Nd2 dxe4 4. Nxe4 Nc6 5. c3 Nf6 6. Bg5 Be7 7. Bxf6 Bxf6
8. Nf3 O-O 9. Be2 Be7 10. Qd3 f5 11. Ned2 Bf6 12. Nb3 b6 13. Rd1 Bb7 14. O-O
Qe7 15. Ne5 Nxe5 16. dxe5 Bxe5 17. f4 Bd6 18. Qg3 e5 19. Bc4+ Kh8 20. Rfe1
e4 21. Nd4 Bc5 22. Kf1 Bxd4 23. Rxd4 c5 24. Rdd1 Rad8 25. Rc1 a6 26. Re3 b5
27. Bb3 c4 28. Bc2 Qf6 29. Rce1 Rd2 30. R1e2 Rd6 31. h4 Qf7 32. b3 Rg6 33.
Qh3 Rd8 34. Kf2 cxb3 35. Bxb3 Bd5 36. Bxd5 Qxd5 37. h5 Rh6 38. Qh4 Rf8 39.
Qg5 Qf7 40. g4 fxg4 41. Rxe4 Rxh5 42. Qxg4 Rh2+ 43. Kg3 Rxe2 44. Rxe2 h6 45.
Rh2 Qf6 46. Rh5 Qf7 47. f5 Qxa2 48. Qb4 Qf7 49. Kf4 Qxh5 50. Qxf8+ Kh7 51.
Ke5 Qe2+ 52. Kd6 Qd3+ 53. Kc6 Qxc3+ 54. Kb6 Qf6+ 55. Ka5 Qxf8 56. Kxa6 Qxf5
57. Kb6 b4 58. Kc6 b3 {White resigns} 0-1

[Event "ICC tourney 2086 (3 2)"]
[Site "Internet Chess Club"]
[Date "2020.10.30"]
[Round "5"]
[White "garfield92037"]
[Black "drberkley"]
[Result "1-0"]
[ICCResult "Black forfeits on time"]
[WhiteElo "1474"]
[BlackElo "1525"]
[Opening "Pirc: classical (two knights) system"]
[ECO "B08"]
[NIC "PU.10"]
[Time "20:52:28"]
[TimeControl "180+2"]

1. e4 d6 2. d4 Nf6 3. Nc3 g6 4. Nf3 Bg7 5. Bc4 O-O 6. O-O Nxe4 7. Nxe4 d5 8.
Bd3 dxe4 9. Bxe4 Nd7 10. c3 c5 11. Bc2 cxd4 12. Nxd4 Nc5 13. Be3 Ne6 14.
Nxe6 Bxe6 15. Qf3 Bd5 16. Be4 Bxe4 17. Qxe4 Qc7 18. Rad1 Rfd8 19. f3 e6 20.
Rfe1 b6 21. Bf2 Rac8 22. Bg3 Qc5+ 23. Kh1 Qa5 24. a3 Qb5 25. Qc2 Bf6 26. Bf2
Qc6 27. Qe2 Qa4 28. Rxd8+ Rxd8 29. Bg3 Qb3 30. h3 Bg5 31. f4 Bf6 32. Kh2 Qd5
33. Qe3 Qd2 34. Bf2 Qc2 35. Re2 Qb1 36. Qf3 Rd1 37. Qg4 h5 38. Qf3 h4 39. g4
Rf1 40. Rd2 Qc1 41. Re2 Qd1 42. g5 Be7 43. Qa8+ Kg7 44. Bd4+
{Black forfeits on time}
1-0

[Event "ICC tourney 2086 (3 2)"]
[Site "Internet Chess Club"]
[Date "2020.10.30"]
[Round "6"]
[White "Tombstone"]
[Black "lucachesschess"]
[Result "1-0"]
[ICCResult "Black resigns"]
[WhiteElo "1670"]
[BlackElo "1404"]
[Opening "King's Indian: fianchetto, Kavalek (Bronstein) variation"]
[ECO "E60"]
[NIC "KI.74"]
[Time "21:03:35"]
[TimeControl "180+2"]

1. d4 Nf6 2. c4 g6 3. Nf3 Bg7 4. g3 O-O 5. Bg2 d6 6. O-O c6 7. Nc3 Qa5 8. e4
Nbd7 9. Re1 e5 10. d5 cxd5 11. cxd5 b5 12. Bd2 b4 13. Na4 Ba6 14. a3 Nc5 15.
axb4 Qc7 16. bxc5 Bb5 17. cxd6 Qxd6 18. Nc3 Bd7 19. Qe2 a6 20. h3
{Black resigns}
1-0

[Event "ICC tourney 2086 (3 2)"]
[Site "Internet Chess Club"]
[Date "2020.10.30"]
[Round "6"]
[White "Jeffchess"]
[Black "jthebest"]
[Result "0-1"]
[ICCResult "White checkmated"]
[WhiteElo "1369"]
[BlackElo "1214"]
[Opening "Giuoco Piano: four knights variation"]
[ECO "C47"]
[NIC "KP.06"]
[Time "21:03:47"]
[TimeControl "180+2"]

1. e4 e5 2. Nf3 Nc6 3. Nc3 Nf6 4. Bc4 Bc5 5. Bxf7+ Kxf7 6. Nxe5+ Ke8 7. d4
Bxd4 8. Nxc6 Bxf2+ 9. Kxf2 bxc6 10. Bg5 Rf8 11. Ke3 Nd5+ 12. exd5 Qxg5+ 13.
Kd4 Rf4+ 14. Kc5 Qe7+ 15. d6 cxd6+ 16. Qxd6 Qe3+ 17. Qd4 Qxd4#
{White checkmated}
0-1

[Event "ICC tourney 2086 (3 2)"]
[Site "Internet Chess Club"]
[Date "2020.10.30"]
[Round "6"]
[White "stephenwilly"]
[Black "msuarez"]
[Result "1-0"]
[ICCResult "Black resigns"]
[WhiteElo "1520"]
[BlackElo "1326"]
[Opening "Scandinavian (center counter) defense"]
[ECO "B01"]
[NIC "SD.02"]
[Time "21:03:40"]
[TimeControl "180+2"]

1. e4 d5 2. exd5 Qxd5 3. Nc3 Qd8 4. d4 Nf6 5. Nf3 e6 6. Bc4 Be7 7. Be3 b6 8.
O-O Bb7 9. Re1 O-O 10. Bf4 a6 11. Qe2 Bxf3 12. Qxf3 Nc6 13. Qxc6 Qxd4 14.
Be5 Qg4 15. h3 Qg5 16. Bxf6 Bxf6 17. Ne4 Qg6 18. Nxf6+ Qxf6 19. Rad1 Qxb2
20. Bb3 Qf6 21. Qxc7 Rab8 22. Rd6 Qf4 23. Rd7 Qb4 24. Red1 h6 25. Bxe6 Kh8
26. Rxf7 Rbc8 27. Bxc8 {Black resigns} 1-0

[Event "ICC tourney 2086 (3 2)"]
[Site "Internet Chess Club"]
[Date "2020.10.30"]
[Round "6"]
[White "MehPlayer"]
[Black "Jett503"]
[Result "0-1"]
[ICCResult "White checkmated"]
[WhiteElo "1501"]
[BlackElo "1271"]
[Opening "French: Tarrasch"]
[ECO "C03"]
[NIC "FR.07"]
[Time "21:03:42"]
[TimeControl "180+2"]

1. e4 e6 2. d4 d5 3. Nd2 dxe4 4. Nxe4 Nf6 5. Nxf6+ Qxf6 6. Nf3 Bd6 7. Bd3 h6
8. O-O O-O 9. c3 Nc6 10. Kh1 Qe7 11. Re1 a6 12. b3 b5 13. Bb2 Bb7 14. d5 Nd8
15. dxe6 Nxe6 16. Nd4 Qg5 17. f3 Nxd4 18. cxd4 Qh4 19. h3 Qg3 20. Kg1 Qh2+
21. Kf1 Bg3 22. Ke2 Qxg2+ 23. Ke3 Qf2# {White checkmated} 0-1

[Event "ICC tourney 2086 (3 2)"]
[Site "Internet Chess Club"]
[Date "2020.10.30"]
[Round "6"]
[White "drberkley"]
[Black "Ani97829"]
[Result "1-0"]
[ICCResult "Black forfeits on time"]
[WhiteElo "1530"]
[BlackElo "1432"]
[Opening "Sicilian: closed"]
[ECO "B23"]
[NIC "SI.44"]
[Time "21:03:34"]
[TimeControl "180+2"]

1. e4 c5 2. Nc3 d6 3. f4 Nf6 4. Nf3 Nc6 5. Bb5 Bd7 6. O-O a6 7. Bxc6 Bxc6 8.
d3 e6 9. Qe1 Be7 10. Qg3 O-O 11. f5 exf5 12. exf5 Bxf3 13. Rxf3 d5 14. Bg5
Nd7 15. Bxe7 Qxe7 16. Nxd5 Qd8 17. f6 g6 18. Qh4 {Black forfeits on time}
1-0

[Event "ICC tourney 2086 (3 2)"]
[Site "Internet Chess Club"]
[Date "2020.10.30"]
[Round "6"]
[White "javasri"]
[Black "Kinawa"]
[Result "1-0"]
[ICCResult "Black forfeits on time"]
[WhiteElo "1685"]
[BlackElo "1460"]
[Opening "Caro-Kann: Panov-Botvinnik attack"]
[ECO "B13"]
[NIC "CK.03"]
[Time "21:03:39"]
[TimeControl "180+2"]

1. e4 c6 2. d4 d5 3. exd5 cxd5 4. c4 Nf6 5. Nc3 Nc6 6. Nf3 Bg4 7. c5 Bxf3 8.
gxf3 e6 9. Bf4 Be7 10. Bb5 a6 11. Ba4 Nd7 12. Qd2 Qa5 13. a3 Bf6 14. b4 Qd8
15. Be3 O-O 16. f4 b5 17. Bc2 g6 18. h4 h5 19. Ke2 {Black forfeits on time}
1-0

[Event "ICC tourney 2086 (3 2)"]
[Site "Internet Chess Club"]
[Date "2020.10.30"]
[Round "6"]
[White "yogokings12"]
[Black "PearsonH"]
[Result "1/2-1/2"]
[ICCResult "Game drawn by mutual agreement"]
[WhiteElo "1560"]
[BlackElo "1447"]
[Opening "French: Steinitz, Boleslavsky variation"]
[ECO "C11"]
[NIC "FR.04"]
[Time "21:03:39"]
[TimeControl "180+2"]

1. e4 e6 2. d4 d5 3. Nc3 Nf6 4. e5 Nfd7 5. f4 c5 6. Nf3 Nc6 7. Be3 a6 8. Qd2
b5 9. a3 Qa5 10. Bd3 Bb7 11. O-O Qb6 12. dxc5 Bxc5 13. Bxc5 Nxc5 14. Qf2 Nd7
15. Ne2 Qxf2+ 16. Kxf2 Nb6 17. Ned4 Nxd4 18. Nxd4 Kd7 19. b3 Rac8 20. Ke3
Rc7 21. b4 Nc4+ 22. Ke2 Nb6 23. Nb3 Ke7 24. Nc5 Nd7 25. Nxd7 Kxd7 26. Rfb1
Ke7 27. a4 Bc6 28. axb5 Bxb5 29. Kd2 Bxd3 30. cxd3 Rhc8 31. Rc1 Rxc1 32.
Rxc1 Rxc1 33. Kxc1 Kd7 34. d4 Kc6 35. Kc2 Kb5 36. Kb3 g6 37. g4 h6 38. h4 h5
39. g5 a5 40. bxa5 Kxa5 41. Ka3 Kb5 42. Kb3 Ka5 {Game drawn by mutual
agreement} 1/2-1/2